 Dungeon Crawl Stone Soup version 0.31.0-9-g3a7656b989 (webtiles) character file.

Game seed: 18351058069571470673

4564 qw the Nimble (level 10, -6/46 (49) HPs)
             Began as a Spriggan Hunter on Feb 2, 2024.
             Killed from afar by a laughing skull (25 damage)
             ... with a bolt of negative energy
             ... on level 8 of the Dungeon.
             The game lasted 00:00:30 (5902 turns).

qw the Nimble (Spriggan Hunter)                     Turns: 5902, Time: 00:00:31

HP:   -6/46 (49)    AC:  3    Str:  7    XL:     10   Next: 18%
MP:   0/11          EV: 29    Int: 11    God:
Gold: 419           SH:  6    Dex: 23    Spells: 9/9 levels left

rFire   . . .        j - +0 orcbow
rCold   . . .        (shield currently unavailable)
rNeg    . . .        c - +0 robe
rPois   .            (helmet restricted)
rElec   .            k - +0 cloak
rCorr   .            (gloves unavailable)
SInv    +            (boots unavailable)
Will    +....        m - amulet of guardian spirit
Stlth   ++           (no ring)
HPRegen 0.27/turn    (no ring)
MPRegen 0.12/turn

%: clarity, guardian spirit
@: drained, very quick
A: very small, no large weapons, unfitting armour, see invisible, speed 3,
hooves 1, large bone plates 2, clarity
a: no special abilities


You were on level 8 of the Dungeon.
You visited 2 branches of the dungeon, and saw 9 of its levels.

You collected 419 gold pieces.


Innate Abilities, Weirdness & Mutations

You are very small and have problems with some larger weapons.
You are too small for most types of armour.
You have supernaturally acute eyesight. (SInv)
You cover ground extremely quickly. (Speed+++)
You have large cloven feet.
You are mostly covered in large bone plates. (SH +6)
You possess an exceptional clarity of mind.


   Skills:
 - Level 4.1 Fighting
 + Level 11.3 Ranged Weapons
 - Level 12.6 Dodging
 - Level 1.5 Stealth


You had 9 spell levels left.
You didn't know any spells.
Your spell library was empty.

Inventory:

Hand Weapons
 j - a +0 orcbow (weapon)
Armour
 c - a +0 robe (worn)
 k - a +0 cloak (worn)
Jewellery
 m - an amulet of guardian spirit (around neck)
Wands
 g - a wand of roots (19)
 i - a wand of charming (13)
Scrolls
 a - a scroll of blinking {unknown}
 h - a scroll of enchant armour {unknown}
 l - a scroll of identify
Potions
 b - 3 potions of curing
 d - a potion of mutation
 e - a potion of might
 f - a potion of brilliance {unknown}

Dungeon Overview and Level Annotations

Branches:
Dungeon (8/15)             Temple (1/1) D:4
   Lair: D:8-11

Altars:
Cheibriados
Dithmenos
Fedhas
Gozag
Hepliaklqana
Nemelex Xobeh
Okawaru
Qazlal
Ru
Vehumet
Wu Jian
Xom
Yredelemnul
Zin

Annotations:
D:2 1 runed translucent door, Crazy Yiuf
D:5 3 runed translucent doors, qw's ghost, novice SpHu


Message History

Enter note:
5897 ||| RETREEEEATING.
The laughing skull headbutts you but does no damage.
You shoot an arrow.
The arrow barely misses the laughing skull.
The arrow hits the efreet!
The efreet is moderately wounded.
The laughing skull completely misses you.
The efreet gestures at you.
The fireball explodes!
The fireball engulfs the laughing skull.
The laughing skull resists.
The fireball engulfs you!!
You smell burning wood.
The tree burns like a torch!
The fireball engulfs the six-headed hydra!!
The fireball engulfs the efreet.
The efreet completely resists.
A six-headed hydra comes into view.
You block the laughing skull's attack.
You hear a shout!
You hear an angry hiss.
You hear a croak.
You hear a shout! x2
Found a scroll labelled QIAN KISONKEV, an ivory dagger and a runed trident.
A manticore comes into view.
Enter note:
5899 ||| RETREEEEATING.
Found a glowing war axe.
The six-headed hydra is engulfed in a forest fire.
You see here a wand of flame (7).
5900 ||| RETREEEEATING.
The six-headed hydra bites you. The six-headed hydra bites you!
You block the six-headed hydra's attack.
The six-headed hydra completely misses you.
The six-headed hydra misses you.
The six-headed hydra completely misses you.
Enter note:
5901 ||| RETREEEEATING.
The manticore is engulfed in blazing flames.
Enter note:
5902 ||| RETREEEEATING.
The laughing skull cackles spitefully.
The bolt of negative energy hits you!!
You feel drained.
Ouch! That really hurt!
You die...
The laughing skull crumbles to pieces from sheer joy.

#.##.##.#
.7.7.~~~.7.7.7#.#)).
#. #....#
.....~~~......#..)##
. ######
.7.7.~~~.7.7.7###.).
# 7777...777777 ####
##)## 77.7 77..77
77....7 77@.77..7
77..77 7..7 7..77
7..7 7~7 7zD77.##
7..7 ~~~P~ 77¤¤H.?#
7... .~P~. 7RH#8))#
..7 7~777 ¤¤¤0.)##
7¤¤77W## 77..


77 You could see a six-headed hydra, an efreet and a laughing skull.

Vanquished Creatures
  A two-headed ogre (D:8)
  Pikel (D:8)
  A hornet (D:7)
  Prince Ribbit (D:6)
  A wyvern (D:6)
  A yak (D:8)
  A steam dragon (D:8)
  An ice beast (D:8)
  2 orc warriors (D:7)
  2 sky beasts (D:6)
  3 ogres
  A centaur (D:7)
  A phantom (D:4)
  4 bullfrogs
  3 scorpions
  7 wights
  A ballistomycete (D:6)
  4 hounds
  5 orc priests
  A gnoll bouda (D:6)
  2 jellies
  4 iguanas
  A sleepcap (D:6)
  Natasha (thrice) (D:2)
  6 orc wizards
  A river rat (D:4)
  10 adders
  10 gnolls
  A white imp (D:8)
  4 ufetubi (D:6)
  3 dart slugs
  21 orcs
  2 bats
  3 endoplasms
  A giant cockroach (D:3)
  10 goblins
  7 hobgoblins
  6 jackals
  4 kobolds
  4 quokkas
  2 ball pythons
  5 frilled lizards
  6 rats
  A ballistomycete spore (D:6)
159 creatures vanquished.

Notes
Turn   | Place    | Note
-------+----------+-------------------------------------------
     0 | D:1      | qw the Spriggan Hunter began the quest for the Orb.
     0 | D:1      | Reached XP level 1. HP: 10/10 MP: 2/2
     0 | D:1      | 0 ||| qw: Version: 0.3-a-155-g5e7d8dd
     0 | D:1      | 0 ||| qw: Game counter: 498
     0 | D:1      | 0 ||| qw: Melee chars always use a shield: true
     0 | D:1      | 0 ||| qw: God list: Okawaru
     0 | D:1      | 0 ||| qw: Allow faded altars: false
     0 | D:1      | 0 ||| qw: Do Orc after clearing Dungeon:15 true
     0 | D:1      | 0 ||| qw: Do second Lair branch before Depths: true
     0 | D:1      | 0 ||| qw: Lair rune preference: random
     0 | D:1      | 0 ||| qw: Goals: Normal
     0 | D:1      | 0 ||| PLANNING D:1-11
    31 | D:1      | Reached skill level 3 in Dodging
   160 | D:1      | Reached XP level 2. HP: 11/14 MP: 3/3
   175 | D:1      | Reached skill level 4 in Dodging
   770 | D:1      | 770 ||| READING scroll labelled YMI CAATUU.
   771 | D:1      | 771 ||| DRINKING 2 bubbling red potions.
   771 | D:1      | Gained mutation: You possess an exceptional clarity of
                  | mind. [potion of mutation]
   771 | D:1      | Gained mutation: You are partially covered in large bone
                  | plates. (SH +4) [potion of mutation]
   771 | D:1      | Gained mutation: You have hidden genetic potential. [potion
                  | of mutation]
   772 | D:1      | 772 ||| DROPPING scroll of butterflies.
   852 | D:2      | Reached XP level 3. HP: 18/18 MP: 4/4
   925 | D:2      | Gained mutation: You are mostly covered in large bone
                  | plates. (SH +6) [hidden potential]
   948 | D:2      | Found a runed translucent door.
   949 | D:2      | Noticed Crazy Yiuf
   988 | D:2      | Noticed Natasha
   993 | D:2      | Killed Natasha
   994 | D:2      | Reached XP level 4. HP: 22/22 MP: 5/5
  1118 | D:2      | Gained mutation: You have large cloven feet. [hidden
                  | potential]
  1118 | D:2      | Lost mutation: You have hidden genetic potential. [hidden
                  | potential expressed]
  1123 | D:2      | Noticed Natasha
  1129 | D:2      | Killed Natasha
  1214 | D:2      | Reached skill level 5 in Dodging
  1269 | D:2      | Noticed Natasha
  1274 | D:2      | HP: 4/22 [Natasha/magic dart (11)]
  1276 | D:2      | Killed Natasha
  1277 | D:2      | Reached XP level 5. HP: 6/26 MP: 6/6
  1307 | D:2      | 1307 ||| FLEEEEING.
  1592 | D:2      | 1592 ||| READING scroll labelled VOVATODOKU.
  1593 | D:2      | 1593 ||| DRINKING 2 green potions.
  1663 | D:3      | HP: 3/26 [orc/+0 hand axe (5)]
  1952 | D:3      | Found an ornate altar of the Wu Jian Council.
  2028 | D:3      | Found a glowing silver altar of Zin.
  2217 | D:3      | 2217 ||| READING scroll labelled SITRUI DESM.
  2265 | D:3      | 2265 ||| READING 2 scrolls labelled YBACHI NEUM.
  2265 | D:3      | 2265 ||| ENCHANTING +0 shortbow.
  2266 | D:3      | 2266 ||| READING scroll of enchant weapon.
  2266 | D:3      | 2266 ||| ENCHANTING +1 shortbow.
  2267 | D:3      | 2267 ||| READING scroll labelled PULAFYXAPO.
  2267 | D:3      | 2267 ||| BRANDING +2 shortbow.
  2268 | D:3      | 2268 ||| DRINKING 2 fuming blue potions.
  2305 | D:4      | Reached skill level 6 in Ranged Weapons
  2335 | D:4      | Noticed a phantom
  2344 | D:4      | Killed a phantom
  2345 | D:4      | Reached skill level 6 in Dodging
  2345 | D:4      | Reached XP level 6. HP: 30/30 MP: 7/7
  2753 | D:4      | Found a staircase to the Ecumenical Temple.
  2754 | D:4      | 2754 ||| PLANNING TEMPLE
  2757 | D:4      | 2757 ||| UPGRADING to amulet of guardian spirit.
  2762 | D:4      | 2762 ||| READING scroll labelled ZYN CUPPIENETH.
  2863 | D:4      | 2863 ||| READING 3 scrolls labelled YMIFU SIAKESUESK.
  2863 | D:4      | 2863 ||| IDENTIFYING sedimented puce potion
  2864 | D:4      | 2864 ||| READING 2 scrolls of identify.
  2864 | D:4      | 2864 ||| IDENTIFYING lumpy black potion
  2865 | D:4      | 2865 ||| READING scroll of identify.
  2865 | D:4      | 2865 ||| IDENTIFYING emerald potion
  2866 | D:4      | 2866 ||| DROPPING potion of magic.
  2867 | D:4      | 2867 ||| DROPPING potion of degeneration.
  2875 | Temple   | Entered the Ecumenical Temple
  2876 | Temple   | 2876 ||| PLANNING D:1-11
  2913 | D:4      | Reached XP level 7. HP: 35/35 MP: 8/8
  3008 | D:5      | Entered Level 5 of the Dungeon
  3131 | D:5      | Reached skill level 7 in Dodging
  3151 | D:5      | Found a runed translucent gate.
  3346 | D:5      | Found a runed translucent gate.
  3346 | D:5      | Found a runed translucent gate.
  3346 | D:5      | Noticed qw's ghost (novice SpHu)
  3487 | D:5      | 3487 ||| READING 3 scrolls of identify.
  3487 | D:5      | 3487 ||| IDENTIFYING glowing puce potion
  3488 | D:5      | 3488 ||| READING 2 scrolls of identify.
  3488 | D:5      | 3488 ||| IDENTIFYING bubbling inky potion
  3489 | D:5      | 3489 ||| READING scroll of identify.
  3489 | D:5      | 3489 ||| IDENTIFYING 2 scrolls labelled YTAMIU CYBA
  3490 | D:5      | 3490 ||| DROPPING potion of attraction.
  3491 | D:5      | 3491 ||| DROPPING potion of lignification.
  3524 | D:6      | Noticed Prince Ribbit
  3529 | D:6      | Killed Prince Ribbit
  3530 | D:6      | Reached skill level 8 in Dodging
  3530 | D:6      | Reached XP level 8. HP: 39/39 MP: 9/9
  3648 | D:6      | Reached skill level 3 in Fighting
  3823 | D:6      | 3823 ||| FLEEEEING.
  3824 | D:6      | 3824 ||| FLEEEEING.
  3825 | D:6      | 3825 ||| FLEEEEING.
  4058 | D:6      | 4058 ||| FLEEEEING.
  4060 | D:6      | 4060 ||| FLEEEEING.
  4067 | D:6      | Reached skill level 9 in Ranged Weapons
  4095 | D:6      | Reached skill level 9 in Dodging
  4471 | D:6      | 4471 ||| UPGRADING to +0 cloak.
  4584 | D:7      | 4584 ||| READING scroll labelled ANUHAXETOA.
  4592 | D:7      | 4592 ||| RETREEEEATING.
  4597 | D:7      | 4597 ||| RETREEEEATING.
  4599 | D:7      | 4599 ||| RETREEEEATING.
  4600 | D:7      | 4600 ||| RETREEEEATING.
  4601 | D:7      | 4601 ||| RETREEEEATING.
  4602 | D:7      | 4602 ||| RETREEEEATING.
  4605 | D:7      | Reached XP level 9. HP: 41/44 MP: 8/10
  4612 | D:7      | HP: 5/41 [wight/+4 mace of freezing (8)]
  4612 | D:7      | HP: 1/40 [wight/+4 mace of freezing (4)]
  4613 | D:7      | 4613 ||| READING 2 scrolls of teleportation.
  4614 | D:7      | 4614 ||| DRINKING potion of heal wounds.
  4617 | D:7      | 4617 ||| FLEEEEING.
  4618 | D:7      | 4618 ||| FLEEEEING.
  4705 | D:7      | Reached skill level 10 in Dodging
  4749 | D:7      | Found an iron altar of Okawaru.
  4798 | D:7      | 4798 ||| SWAPPING to +0 orcbow.
  4799 | D:7      | 4799 ||| DROPPING +2 shortbow of chaos.
  4908 | D:7      | HP: 11/45 [orc warrior/+0 trident (7)]
  4909 | D:7      | 4909 ||| READING scroll of teleportation.
  5083 | D:7      | Found a blossoming altar of Fedhas.
  5152 | D:7      | Reached skill level 11 in Dodging
  5359 | D:7      | 5359 ||| READING 2 scrolls of identify.
  5359 | D:7      | 5359 ||| IDENTIFYING pink potion
  5523 | D:8      | Noticed a two-headed ogre
  5524 | D:8      | 5524 ||| DRINKING potion of haste.
  5537 | D:8      | Killed a two-headed ogre
  5725 | D:8      | 5725 ||| RETREEEEATING.
  5726 | D:8      | 5726 ||| RETREEEEATING.
  5728 | D:8      | 5728 ||| RETREEEEATING.
  5729 | D:8      | 5729 ||| RETREEEEATING.
  5730 | D:8      | 5730 ||| RETREEEEATING.
  5745 | D:8      | Reached XP level 10. HP: 45/49 MP: 9/11
  5787 | D:8      | Noticed Pikel
  5790 | D:8      | 5790 ||| Stepping ~*~*~tactically~*~*~ (cloud).
  5791 | D:8      | 5791 ||| Stepping ~*~*~tactically~*~*~ (cloud).
  5795 | D:8      | 5795 ||| RETREEEEATING.
  5800 | D:8      | 5800 ||| Stepping ~*~*~tactically~*~*~ (cloud).
  5802 | D:8      | 5802 ||| Stepping ~*~*~tactically~*~*~ (cloud).
  5814 | D:8      | Killed Pikel
  5815 | D:8      | Reached skill level 12 in Dodging
  5895 | D:8      | Noticed a manticore
  5897 | D:8      | 5897 ||| RETREEEEATING.
  5898 | D:8      | Noticed a six-headed hydra
  5899 | D:8      | Noticed a manticore
  5899 | D:8      | 5899 ||| RETREEEEATING.
  5900 | D:8      | 5900 ||| RETREEEEATING.
  5901 | D:8      | 5901 ||| RETREEEEATING.
  5902 | D:8      | 5902 ||| RETREEEEATING.
  5902 | D:8      | Killed from afar by a laughing skull

Levels and vault maps discovered:
D:1:      wander_arrival_lonely_grave, layout_loops_cross, chequers_big_river,
          minmay_stone_trees_medium
D:2:      layout_basic, uniq_crazy_yiuf_cottage, uniq_natasha
D:3:      layout_basic, lemuel_tele_altar, mainiacjoe_overflow_cross_hatched,
          minmay_stone_trees_small, minmay_door_square
D:4:      layout_loops_cross, minmay_temple_entry_proselytizer
D:5:      layout_cave_pools, gammafunk_ghost_nasty_kobolds,
          minmay_a_box_with_orc_wizards_in_it
D:6:      layout_basic, uniq_prince_ribbit1
D:7:      layout_cave_pools, nicolae_overflow_hidden_temple, lemuel_round_altar,
          kennysheep_nub
D:8:      nzn_winding_woodlands_cross [nzn_winding_woodlands_5x15_sidewinder,
          nzn_winding_woodlands_5x15_pathside_ponds,
          nzn_winding_woodlands_5x15_pool,
          nzn_winding_woodlands_5x15_lazy_stream,
          nzn_winding_woodlands_15x15_thick_spiral], layout_basic, uniq_pikel
Temple:   hellmonk_temple_rainy

Skill      XL: |  1  2  3  4  5  6  7  8  9 10 |
---------------+-------------------------------+-----
Dodging        | 3 4 5 6 8 9 11 12 | 12.6
Ranged Weapons | 5 6 7 8 9 11 | 11.3
Fighting       | 2 3 4 |  4.1
Stealth        | |  1.5

Action                     |  1- 3 |  4- 6 |  7- 9 | 10-12 || total
---------------------------+-------+-------+-------+-------++-------
   Fire: Shortbow          |    90 |   129 |   219 |       ||   438
         Orcbow            |       |       |   155 |    25 ||   180
    Use: Scroll            |     1 |     9 |     7 |       ||    17
         Potion            |     1 |     2 |     2 |       ||     5
 Armour: Robe              |     6 |    13 |    30 |     7 ||    56
  Dodge: Dodged            |     9 |    66 |   153 |     8 ||   236
  Block: Other             |       |    12 |    32 |     3 ||    47

Table legend:
 A = Non-vault XP
 B = Vault XP
 C = Vault XP percentage of total XP
 D = Non-vault monster count
 E = Vault monster count
 F = Vault count percentage of total count
                 A         B        C        D         E       F
            +---------+---------+-------+---------+---------+-------
      Total |    5310 |    1210 |  18.6 |     152 |       6 |   3.8
            +---------+---------+-------+---------+---------+-------
        D:1 |      31 |       0 |   0.0 |      17 |       0 |   0.0
        D:2 |     153 |      35 |  18.6 |      23 |       1 |   4.2
        D:3 |      94 |       0 |   0.0 |      19 |       0 |   0.0
        D:4 |     418 |      41 |   8.9 |      14 |       1 |   6.7
        D:5 |     465 |      35 |   7.0 |      13 |       1 |   7.1
        D:6 |    1009 |     246 |  19.6 |      26 |       1 |   3.7
        D:7 |    1579 |       0 |   0.0 |      25 |       0 |   0.0
        D:8 |    1561 |     853 |  35.3 |      15 |       2 |  11.8
            +---------+---------+-------+---------+---------+-------
